 Dungeon Crawl Stone Soup version bcrawl-1.12-5-g74a5124548 (webtiles) character file.

Game seed: 1168146877140104300

80 MisterOstroum the Sneak (level 4, 0/35 HPs)
             Began as a Demonspawn Archaeologist on May 31, 2019.
             Slain by an iguana (12 damage)
             ... on level 3 of the Dungeon.
             The game lasted 00:09:19 (3002 turns).

MisterOstroum the Sneak (Demonspawn Archaeologist)  Turns: 3002, Time: 00:09:19

Health: 0/35       AC:  8    Str: 12    XL:     4   Next: 18%
Magic:  4/4        EV: 13    Int: 15    God:
Gold:   101        SH:  0    Dex: 12    Spells: 3/3 levels left

rFire    . . .     SeeInvis .   a - +0 short sword
rCold    . . .     Gourm    .   (no shield)
rNeg     . . .     Faith    .   u - +1 robe
rPois    .         Spirit   .   B - +1 hat
rElec    .         Reflect  .   (no cloak)
rCorr    .         Harm     .   d - +1 pair of gloves
MR       .....                  c - +1 pair of boots
Stlth    +++.......             (no amulet)
HPRegen  0.11/turn              y - ring of stealth
MPRegen  0.09/turn              (no ring)

@: studying Stealth
A: powered by pain 1
a: no special abilities


You were on level 3 of the Dungeon.
You were hungry.

You visited 1 branch of the dungeon, and saw 3 of its levels.

You collected 101 gold pieces.

Inventory:

Hand Weapons
 a - a +0 short sword (weapon)
 b - a +0 blowgun
 o - a +0 dagger
Missiles
 l - 404 stones (quivered)
 n - 678 bolts
 w - 105 tomahawks
 C - 34 poisoned needles
Armour
 c - a +1 pair of boots (worn)
 d - a +1 pair of gloves (worn)
 u - a +1 robe (worn)
 B - a +1 hat (worn)
Jewellery
 y - a ring of stealth (left hand)
Scrolls
 i - a scroll of amnesia {unknown}
 k - a scroll of enchant armour {unknown}
 q - 2 scrolls of identify {unknown}
 s - 4 scrolls of remove curse {unknown}
 t - a scroll of enchant weapon {unknown}
 v - a scroll of fog {unknown}
 x - a scroll of teleportation {unknown}
Potions
 h - a potion of berserk rage {unknown}
 j - 3 potions of heal wounds {unknown}
 m - 5 potions of mutation {unknown}
 p - a potion of invisibility {unknown}
 r - a potion of agility {unknown}
 z - a potion of might {@q3 !q}
 A - a potion of flight {unknown}
Books
 g - a manual of Stealth
Miscellaneous
 f - an ancient crate
Comestibles
 e - 9 rations {!d}


   Skills:
 - Level 3.0 Fighting
 + Level 1.4 Short Blades
 - Level 2.6 Dodging
 + Level 4.0 Stealth


You had 3 spell levels left.
You didn't know any spells.
Your spell library was empty.

Dungeon Overview and Level Annotations

Branches:
Dungeon (3/12)

Altars:
Ru


Innate Abilities, Weirdness & Mutations

You sometimes gain a little power by taking damage.


Message History

You throw a stone. The stone barely misses the kobold.
The kobold shoots a poisoned needle.
The poisoned needle closely misses you.
Throwing (i - inventory. (/) - cycle)
l - 405 stones (quivered)
Press: ? - help, Shift-Dir - straight line, f/p - kobold
Aim: a kobold, wielding a +0 blowgun You throw a stone.
The stone misses the kobold.
You feel sick.
You miss the kobold.
The kobold unwields a +0 blowgun.
The kobold wields a +0 short sword.
The kobold closely misses you.
You hit the kobold.
The kobold is moderately wounded.
You feel sick.
The kobold hits you with a +0 short sword.
You miss the kobold.
The kobold is moderately wounded.
The kobold barely misses you.
You hit the kobold but do no damage.
The kobold is moderately wounded.
The kobold misses you.
You hit the kobold but do no damage.
The kobold is moderately wounded.
You feel sick. The kobold barely misses you.
You hit the kobold.
You kill the kobold!
No target in view!
No target in view!
No target in view!
No target in view!
No target in view!
No target in view!
No target in view!
No target in view!
No target in view!
No target in view!
Items here: ( ))) † a +0 short sword; a +0 blowgun; 37 poisoned needles; a +0 club; a kobold corpse The kobold corpse isn't edible.
B - a +0 blowgun;
C - 37 poisoned needles You feel sick.
There is a stone staircase leading up, spattered with blood here.
You start resting.
You feel sick. x2
You are no longer poisoned.
You start resting.
You are feeling hungry.
You start resting.
HP restored.
Things that are here:
a +0 short sword; a +0 club; a kobold corpse
There is an open door here.
Found a sacrificial altar of Ru.
e - 9 rations {!d} (gained 1)
j - 3 bubbling green potions (gained 1)
An iguana comes into view.
Wield which item (- for none, * to show all)? (? for menu, Esc to quit)
Okay, then.
Wield which item (- for none, * to show all)? (? for menu, Esc to quit)
B - a +0 blowgun (weapon)
Adjust to which letter? (? for menu, Esc to quit)
a - a +0 short sword;
u - a +1 robe (worn)
Adjust to which letter? (? for menu, Esc to quit)
b - a +0 blowgun (weapon);
B - a +1 hat (worn)
Firing (i - inventory. (/) - cycle)
C - 37 poisoned needles (quivered)
Press: ? - help, Shift-Dir - straight line, f - iguana
Aim: an iguana (resting)
You shoot a poisoned needle. The poisoned needle hits the iguana.
The iguana is poisoned.
The iguana hisses angrily.
Firing (i - inventory. (/) - cycle)
C - 36 poisoned needles (quivered)
Press: ? - help, Shift-Dir - straight line, f/p - iguana
Aim: an iguana (lightly wounded, poisoned)
You shoot a poisoned needle. The poisoned needle hits the iguana.
The iguana is lightly wounded.
Firing (i - inventory. (/) - cycle)
C - 35 poisoned needles (quivered)
Press: ? - help, Shift-Dir - straight line, f/p - iguana
Aim: an iguana (lightly wounded, poisoned)
You shoot a poisoned needle. The poisoned needle hits the iguana.
The iguana is lightly wounded.
Wield which item (- for none, * to show all)? (? for menu, Esc to quit)
a - a +0 short sword (weapon)
You hit the iguana but do no damage.
The iguana is lightly wounded.
The iguana bites you!
You hit the iguana but do no damage.
The iguana is moderately wounded.
The iguana bites you!
You hit the iguana.
The iguana is moderately wounded.
The iguana closely misses you.
The iguana looks more healthy.
You closely miss the iguana.
The iguana is heavily wounded.
The iguana bites you but does no damage.
You closely miss the iguana.
The iguana is heavily wounded.
The iguana bites you!
You closely miss the orc. The orc hits you but does no damage.
The iguana barely misses you.
You closely miss the orc. The orc hits you but does no damage.
The iguana bites you!
You die...

_#...# #.#..... .....##
#.#..#..
###+#+###..######....#..
#...#...#............#..
#.......#............###
###...####...........#
#.......#..........>.#
#.....l.#.........#..#
#...#.#@o.........#..#
#.#...###.........#..#
#.###.# #.........#..#
#.# #.# #######+### #.#
#+# #.# ........#
#########


You could see an iguana and an orc.

Vanquished Creatures
  Jessica (D:2)
  An ooze (D:1)
  3 worms
  2 leopard geckos
  4 giant cockroaches
  2 goblins
  9 hobgoblins
  4 kobolds
  A quokka (D:2)
  A bat (D:2)
  2 frilled lizards
  7 rats
37 creatures vanquished.

Notes
Turn   | Place    | Note
-------+----------+-------------------------------------------
     0 | D:1      | MisterOstroum the Demonspawn Archaeologist began the quest
                  | for the Orb.
     0 | D:1      | Reached XP level 1. HP: 15/15 MP: 1/1
   356 | D:1      | Gained mutation: You sometimes gain a little power by
                  | taking damage. [demonic ancestry]
   356 | D:1      | Reached XP level 2. HP: 22/22 MP: 2/2
  1675 | D:2      | Reached XP level 3. HP: 29/29 MP: 3/3
  1965 | D:2      | Noticed Jessica
  2107 | D:2      | Killed Jessica
  2107 | D:2      | Reached skill level 1 in Short Blades
  2107 | D:2      | Reached XP level 4. HP: 5/35 MP: 4/4
  2617 | D:2      | Reached skill level 4 in Stealth
  2961 | D:3      | Found a sacrificial altar of Ru.
  3002 | D:3      | Slain by an iguana

Skill      XL: |  1  2  3  4 |
---------------+-------------+-----
Fighting       | 2 3 |  3.0
Short Blades   | 1 |  1.4
Stealth        | 4 |  4.0
Dodging        | |  2.6

Action                   |  1- 3 |  4- 6 || total
-------------------------+-------+-------++-------
Melee: Unarmed           |    40 |       ||    40
       Club              |    30 |       ||    30
       Dagger            |    55 |       ||    55
       Short sword       |    61 |    52 ||   113
 Fire: Blowgun           |       |     3 ||     3
Throw: Stone             |    15 |    15 ||    30
 Stab: Sleeping          |     6 |     1 ||     7
  Eat: Chunk             |     3 |     3 ||     6
Armor: Robe              |    50 |    12 ||    62
Dodge: Dodged            |    90 |    42 ||   132
